 Dungeon Crawl Stone Soup version 0.21-b1-21-g86478ac (webtiles) character file.

14 tidbits the Grave Robber (level 2, 0/11 HPs)
             Began as a Felid Necromancer on Jan 4, 2018.
             Slain by a jackal (2 damage)
             ... on level 2 of the Dungeon.
             The game lasted 00:03:06 (491 turns).

tidbits the Grave Robber (Felid Necromancer)         Turns: 491, Time: 00:03:06

Health: 0/11       AC:  1    Str:  4    XL:     2   Next: 27%
Magic:  6/6        EV: 18    Int: 16    God:
Gold:   31         SH:  0    Dex: 16    Spells: 3/5 levels left
                                        Lives:  0   Deaths: 0

rFire    . . .     SeeInvis +     - Unarmed
rCold    . . .     Gourm    .   (shield unavailable)
rNeg     . . .     Faith    .   (armour unavailable)
rPois    .         Spirit   .   (helmet unavailable)
rElec    .         Reflect  .   (cloak unavailable)
rCorr    .         Harm     .   (gloves unavailable)
MR       .....                  (boots unavailable)
Stlth    +++.......             (no amulet)
HPRegen  0.03/turn              (no ring)
MPRegen  0.10/turn              (no ring)

@: quick
A: very small, no armour, no weapons or thrown items, stealth, claws 1, fangs 3,
see invisible, carnivore, speed 1, shaggy fur 1, slow metabolism 1, sharp paws
a: no special abilities


You were on level 2 of the Dungeon.
You were not hungry.

You visited 1 branch of the dungeon, and saw 2 of its levels.

You collected 31 gold pieces.

Inventory:

Scrolls
 b - a scroll of identify {unknown}
 d - a scroll of blinking {unknown}
Books
 a - a book of Necromancy

   Spells                             Type                      Level
   a - Pain                           Necromancy                   1
   b - Animate Skeleton               Necromancy                   1
   c - Vampiric Draining              Necromancy                   3
   d - Regeneration                   Charms/Necromancy            3
   e - Animate Dead                   Necromancy                   4
   f - Borgnjor's Vile Clutch         Necromancy/Earth             5
Comestibles
 c - 2 rations


   Skills:
 - Level 2.7 Dodging
 + Level 3.5 Stealth
 + Level 1.1 Unarmed Combat
 - Level 2.0 Spellcasting
 - Level 4.0 Necromancy


You had 3 spell levels left.
You knew the following spells:

 Your Spells              Type           Power        Failure   Level  Hunger
a - Pain                  Necr           ##..         4%          1    #......
n - Animate Skeleton      Necr           N/A          4%          1    #......


Dungeon Overview and Level Annotations

Branches:
Dungeon (2/15)

Altars:


Innate Abilities, Weirdness & Mutations

You cannot wear armour.
You are incapable of wielding weapons or throwing items.
Your paws allow you to move quietly. (Stealth)
You have sharp claws.
You have razor-sharp teeth.
You have supernaturally acute eyesight. (SInv)
You are carnivorous and can eat meat at any time.
You cover ground quickly.
You are covered in fur. (AC +1)
You have a slow metabolism.
Your sharp claws are effective at attacking unaware monsters.


Message History

You swing at nothing.
You swing at nothing.
You swing at nothing.
You swing at nothing.
You swing at nothing.
You swing at nothing.
You swing at nothing.
You swing at nothing.
You swing at nothing.
You swing at nothing.
You swing at nothing.
You swing at nothing.
You swing at nothing.
You swing at nothing.
You swing at nothing.
You swing at nothing.
Wield which item (- for none, * to show all)? (? for menu, Esc to quit)
Your mouth is now empty.
You see here a goblin skeleton.
A giant cockroach comes into view.
You pounce on the unaware helpless giant cockroach!
You scratch the giant cockroach.
You kill the giant cockroach!
Your Unarmed Combat skill increases to level 1!
A rat comes into view.
Found 7 gold pieces.
You pounce on the unaware helpless rat!
You claw the rat!
You kill the rat!
Found a scroll labeled ESIAKH XUINAME.
You now have 21 gold pieces (gained 7).
b - a scroll labeled ESIAKH XUINAME
Found a scroll labeled OJA MIDILUTWA.
Found 10 gold pieces.
d - a scroll labeled OJA MIDILUTWA You now have 31 gold pieces (gained 10).
A kobold comes into view.
The kobold throws a stone.
The stone hits you but does no damage.
You see here a stone.
Casting: Pain
Confirm with . or Enter, or press ? or * to list all spells.
Aiming: Pain
Press: ? - help, Shift-Dir - straight line, f - kobold
Aim: a kobold (chance to defeat MR: 85%)
The kobold writhes in agony!
You kill the kobold!
Things that are here:
4 stones; a kobold corpse Magic restored.
Found a stone staircase leading down.
A goblin comes into view. It is wielding a club.
Casting: Pain
Confirm with . or Enter, or press ? or * to list all spells.
Aiming: Pain
Press: ? - help, Shift-Dir - straight line, f - goblin
Aim: a goblin, wielding a club (resting, chance to defeat MR: 85%)
The goblin shouts!
The goblin writhes in agony!
Casting: Pain
Confirm with . or Enter, or press ? or * to list all spells.
Aiming: Pain
Press: ? - help, Shift-Dir - straight line, f/p - goblin
Aim: a goblin, wielding a club (heavily wounded, chance to defeat MR: 85%)
The goblin writhes in agony!
You kill the goblin!
You see here a club.
You open the door.
There is an open door here.
Magic restored.
You see here a club.
There is a stone staircase leading down here.
You climb downwards.
Found a robe and 15 gold pieces.
Found a stone staircase leading down.
There is a stone staircase leading up here.
Found 24 stones.
Found a whip.
You enter a teleport trap!
The teleport trap disappears.
Your surroundings suddenly seem different.
A goblin comes into view. It is wielding a club.
Found a short sword.
Found a runed spear.
You pounce on the unaware helpless goblin!
You claw the goblin!
You kill the goblin!
Found 13 gold pieces.
A jackal comes into view.
A jackal comes into view.
The jackal barks!
The jackal barks!
A rat comes into view.
You closely miss the jackal. Your bite misses the jackal.
The jackal misses you.
You scratch the jackal. Your bite misses the jackal.
The jackal is moderately wounded.
The jackal completely misses you. The jackal misses you.
You scratch the rat.
You kill the rat!
The jackal bites you.
* * * LOW HITPOINT WARNING * * *
You see here a rat corpse.
The jackal bites you.
You die...

#...............
##..
##.......).h....
##.
##......#.....#
## ######.#
##### #
#.######### .
#...#.....# .)
###h#.....# .##
#.h.....#
##@##.### #..#
##.# .# .. ...
#.. ...


You could see 2 jackals.

Vanquished Creatures
  2 leopard geckos (D:1)
  A giant cockroach (D:1)
  4 goblins
  2 kobolds (D:1)
  2 rats
11 creatures vanquished.

Notes
Turn   | Place    | Note
-------+----------+-------------------------------------------
     0 | D:1      | tidbits the Felid Necromancer began the quest for the Orb.
     0 | D:1      | Reached XP level 1. HP: 7/7 MP: 4/4
    49 | D:1      | Learned a level 1 spell: Animate Skeleton
   109 | D:1      | Reached skill level 3 in Stealth
   290 | D:1      | Reached XP level 2. HP: 3/11 MP: 0/6
   348 | D:1      | Reached skill level 1 in Unarmed Combat
   491 | D:2      | Slain by a jackal

Skill      XL: |  1  2 |
---------------+-------+-----
Stealth        | 3 |  3.5
Unarmed Combat | 1 |  1.1
Dodging        | |  2.7
Spellcasting   | |  2.0
Necromancy     | |  4.0

Action                   || total
-------------------------++-------
Melee: Unarmed           ||     7
 Cast: Pain              ||    20
 Stab: Sleeping          ||     4
Dodge: Dodged            ||     9

Table legend:
 A = Turns spent in this place as a percentage of turns spent in the entire game.
 B = Non-inter-level travel turns spent in this place as a percentage of non-inter-level travel turns spent in the entire game.
 C = Inter-level travel turns spent in this place as a percentage of turns spent in this place.
 D = Turns resting spent in this place as a percentage of non-inter-level travel turns spent in this place.
 E = Turns spent auto-exploring this place as a percentage of non-inter-level travel turns spent in this place.
 F = Non-inter-level travel turns spent in this place divided by the number of levels of this place that you've seen.
                   A       B       C       D       E      F
               +-------+-------+-------+-------+-------+----------------------
         Total | 100.0 | 100.0 |   2.4 |   0.0 |   0.0 | 239.5
       Dungeon | 100.0 | 100.0 |   2.4 |   0.0 |   0.0 | 239.5
               +-------+-------+-------+-------+-------+----------------------

Table legend:
 A = Kills in this place as a percentage of kills in entire the game.
 B = Kills by you in this place as a percentage of kills by you in the entire game.
 C = Kills by friends in this place as a percentage of kills by friends in the entire game.
 D = Other kills in this place as a percentage of other kills in the entire game.
 E = Experience gained in this place as a percentage of experience gained in the entire game.
 F = Experience gained in this place divided by the number of levels of this place that you have seen.
                   A       B       C       D       E      F
               +-------+-------+-------+-------+-------+----------------------
         Total | 100.0 | 100.0 |   N/A |   N/A | 100.0 |  10.0
       Dungeon | 100.0 | 100.0 |   N/A |   N/A | 100.0 |  10.0
               +-------+-------+-------+-------+-------+----------------------

Vault maps used:
D:1:      dpeg_arrival_simpleton_b, minmay_misc_feat_pillars
D:2:      uniq_jessica
